 Dungeon Crawl Stone Soup version 0.30-a0-1161-g0704695555 (webtiles) character file.

Game seed: 2713151530454643531

1040 Dittersdorf the Covered (level 8, -3/51 HPs)
             Began as a Gargoyle Fighter on Apr 27, 2023.
             Was an Initiate of Okawaru.
             Slain by an orc warrior
             ... wielding a +0 glaive
              (14 damage)
             ... on level 6 of the Dungeon.
             The game lasted 00:05:59 (4881 turns).

Dittersdorf the Covered (Gargoyle Fighter)          Turns: 4881, Time: 00:06:00

Health: -3/51      AC: 17    Str: 21    XL:     8   Next: 24%
Magic:  8/8        EV:  8    Int: 10    God:    Okawaru [......]
Gold:   409        SH: 10    Dex:  9    Spells: 7/7 levels left

rFire   . . .        a - +0 flail
rCold   . . .        c - +0 buckler
rNeg    + + .        s - +0 chain mail
rPois   ∞            (no helmet)
rElec   +            v - +0 cloak
rCorr   .            (no gloves)
SInv    .            (no boots)
Will    .....        g - amulet of reflection Stlth
                     C - +4 ring of slaying
HPRegen 0.28/turn    p - ring of positive energy
MPRegen 0.11/turn

%: reflection
@: no status effects
A: sickness immunity, AC +5, negative energy resistance 1, electricity
resistance, torment resistance 1, petrification resistance
a: Renounce Religion


You were on level 6 of the Dungeon.
You worshipped Okawaru.
Okawaru was noncommittal.
You visited 2 branches of the dungeon, and saw 7 of its levels.

You collected 409 gold pieces.

Inventory:

Hand Weapons
 a - a +0 flail (weapon)
Missiles
 u - 12 poisoned darts (quivered)
Armour
 c - a +0 buckler (worn)
 s - a +0 chain mail (worn)
 v - a +0 cloak (worn)
Jewellery
 g - an amulet of reflection (around neck)
 h - a ring of protection from fire
 p - a ring of positive energy (right hand)
 C - a +4 ring of slaying (left hand)
Wands
 A - a wand of polymorph (9)
Scrolls
 b - 2 scrolls of fear {unknown}
 i - 2 scrolls of vulnerability {unknown}
 j - 4 scrolls of acquirement {unknown}
 l - 2 scrolls of teleportation {unknown}
 n - 2 scrolls of poison {unknown}
 o - 2 scrolls of blinking {unknown}
 q - 5 scrolls of identify {unknown}
 r - a scroll of brand weapon {unknown}
 t - a scroll of immolation {unknown}
 x - a scroll of fog {unknown}
 y - a scroll of enchant armour {unknown}
 z - a scroll of enchant weapon {unknown}
 B - 3 scrolls of noise {unknown}
Potions
 d - 2 potions of might
 e - a potion of mutation {unknown}
 f - 2 potions of attraction {unknown}
 k - 3 potions of heal wounds {unknown}
 m - 2 potions of lignification {unknown}
 w - 7 potions of curing {unknown}


   Skills:
 + Level 6.0 Fighting
 + Level 5.0 Maces & Flails
 + Level 6.1 Armour
 + Level 6.1 Shields


You had 7 spell levels left.
You didn't know any spells.
Your spell library contained the following spells:

 Spells                   Type           Power      Damage    Failure   Level
 Ensorcelled Hibernation  Hex/Ice        0%         N/A       99%         2
 Passwall                 Tmut/Erth      0%         N/A       99%         2
 Ozocubu's Armour         Ice            0%         N/A       100%        3
 Swiftness                Air            0%         N/A       100%        3
 Ozocubu's Refrigeration  Ice            0%         4d7       100%        7


Dungeon Overview and Level Annotations

Branches:
Dungeon (6/15)             Temple (1/1) D:4

Altars:
Ashenzari
Cheibriados
Dithmenos
Elyvilon
Gozag
Kikubaaqudgha
Makhleb
Nemelex Xobeh
Okawaru
Ru
Sif Muna
Uskayaw
Xom
Yredelemnul
The Shining One

Shops:
D:2 *


Innate Abilities, Weirdness & Mutations

You are immune to sickness and miasma.
Your stone body is resilient. (AC +5)
You are immune to poison.
You resist negative energy. (rN+)
You are resistant to electric shocks. (rElec)
You are resistant to unholy torment.
You are immune to petrification.


Message History

The orc attacks as you move away! You block the orc's attack.
The orc attacks as you move away! You block the orc's attack.
Okay, then.
You sock the orc!
You kill the orc!
Okawaru accepts your kill.
The orc warrior hits you from afar with a +0 glaive!
The orc warrior hits you but does no damage.
Things that are here:
a +0 dagger; a +0 scale mail; 12 gold pieces You hit the orc warrior but do no damage.
You block the orc warrior's attack.
You hit the orc warrior but do no damage.
You block the orc warrior's attack.
You closely miss the orc warrior.
The orc warrior hits you but does no damage. x2
You hit the orc warrior.
The orc warrior is lightly wounded.
The orc wizard mumbles some strange words.
The orc wizard flickers and vanishes!
Deactivating autopickup; reactivate with Ctrl-A.
The orc warrior hits you with a +0 glaive.
You barely miss the orc warrior.
The orc warrior is lightly wounded.
The orc warrior hits you but does no damage.
You closely miss the orc warrior.
The orc warrior is lightly wounded.
The orc warrior hits you but does no damage.
You sock the orc warrior!
The orc warrior is moderately wounded.
The orc warrior hits you with a +0 glaive!
* * * LOW HITPOINT WARNING * * *
Throw: 13 darts (poison)
Press: ? - help, Q - select action, (/) - cycle Shift-Dir - straight line, f - orc warrior
Aim: an orc warrior, wielding a +0 glaive and wearing a +0 plate armour (moderately wounded, 63% to hit)
You throw a poisoned dart.
The poisoned dart closely misses the orc warrior.
The poisoned dart hits the orc.
The orc is poisoned.
The orc warrior hits you with a +0 glaive!
You die...

#... ##....## ##
#...## ##.### ##.
#.....### ### ##..
#.......## ##...
#..###.o.## #...#
###oo## ##.###
##.)## ##.##
##..##########
##.##
##oo{o@.....####.##
##########.....##
###..## ####


You could see an orc warrior and 2 orcs.

Vanquished Creatures
  A water moccasin (D:5)
  A centaur (D:5)
  A phantom (D:5)
  Blork the orc (D:4)
  3 scorpions
  3 hounds
  3 orc priests
  A jelly (D:5)
  A sleepcap (D:5)
  Ijyb (D:4)
  An iguana (D:6)
  An orc wizard (D:4)
  12 adders
  A shadow imp (D:6)
  An ufetubus (D:6)
  3 worms
  2 dart slugs (D:3)
  19 orcs
  6 bats
  6 endoplasms
  2 giant cockroaches
  5 goblins
  5 hobgoblins
  7 jackals (D:1)
  A kobold (D:4)
  5 quokkas
  6 ball pythons
  2 frilled lizards
  3 rats
104 creatures vanquished.

Vanquished Creatures (others)
  2 fungi (D:6)
2 creatures vanquished.

Grand Total: 106 creatures vanquished

Notes
Turn   | Place    | Note
-------+----------+-------------------------------------------
     0 | D:1      | Dittersdorf the Gargoyle Fighter began the quest for the
                  | Orb.
     0 | D:1      | Reached XP level 1. HP: 14/14 MP: 1/1
   103 | D:1      | Reached XP level 2. HP: 10/19 MP: 2/2
   928 | D:2      | Reached XP level 3. HP: 23/23 MP: 3/3
   941 | D:2      | Found Arphuq's Assorted Antiques.
  1354 | D:2      | Found a faded altar of an unknown god.
  1431 | D:2      | Reached XP level 4. HP: 29/29 MP: 4/4
  1529 | D:3      | Found a broken altar of Ashenzari.
  2341 | D:4      | Reached XP level 5. HP: 23/33 MP: 5/5
  2558 | D:4      | Reached XP level 6. HP: 21/39 MP: 6/6
  2664 | D:4      | Found a staircase to the Ecumenical Temple.
  2671 | Temple   | Entered the Ecumenical Temple
  2911 | D:4      | Noticed Ijyb
  2952 | D:4      | Killed Ijyb
  3162 | D:4      | Noticed Blork the orc
  3178 | D:4      | Killed Blork the orc
  3297 | D:4      | Found a snail-covered altar of Cheibriados.
  3600 | D:5      | Entered Level 5 of the Dungeon
  3617 | D:4      | Reached skill level 5 in Shields
  3671 | D:5      | Reached skill level 5 in Fighting
  3671 | D:5      | Reached skill level 5 in Armour
  3671 | D:5      | Reached XP level 7. HP: 39/44 MP: 7/7
  3933 | D:5      | Found a sacrificial altar of Ru.
  4359 | D:5      | Reached XP level 8. HP: 51/51 MP: 8/8
  4554 | D:6      | Found an iron altar of Okawaru.
  4684 | D:6      | Became a worshipper of Warmaster Okawaru
  4769 | D:6      | Reached skill level 5 in Maces & Flails
  4881 | D:6      | Slain by an orc warrior

Illustrated notes

Levels and vault maps discovered:
D:1:      minmay_arrival_floating_metal, layout_loops_ring,
          minmay_misc_feat_secret_circle
D:2:      layout_rooms, serial_shops, nicolae_shop_behind_doors,
          hellmonk_ecumenical_altar_leap_of_faith
D:3:      minmay_diamond_boxcup, layout_loops_ring, nicolae_ashenzari_panopticon
D:4:      layout_rooms, cheibriados_altar_1, minmay_temple_entry_tees,
          serial_rivers, chequers_serial_rivers_large_a,
          chequers_serial_rivers_micro_d, chequers_serial_rivers_micro_c,
          chequers_serial_rivers_marsh, chequers_serial_rivers_marsh,
          chequers_serial_rivers_small_b, uniq_ijyb, uniq_blork_the_orc
D:5:      layout_loops_ring, general_overflow_altar, kennysheep_generic_room_8
D:6:      layout_layer_cave, mainiacjoe_overflow_boulevard
Temple:   minmay_temple_curvy_loop

Skill      XL: |  1  2  3  4  5  6  7  8 |
---------------+-------------------------+-----
Armour         | 4 5 6 |  6.1
Shields        | 4 5 6 |  6.1
Fighting       | 4 5 6 |  6.0
Maces & Flails | 3 4 5 |  5.0

Action                     |  1- 3 |  4- 6 |  7- 9 || total
---------------------------+-------+-------+-------++-------
  Melee: Flail             |   145 |   217 |   129 ||   491
  Throw: Dart              |       |    20 |     5 ||    25
         Throwing net      |       |     1 |       ||     1
 Armour: Scale mail        |    97 |       |       ||    97
         Chain mail        |     5 |   120 |    70 ||   195
  Dodge: Dodged            |    79 |    75 |    44 ||   198
  Block: Buckler           |    73 |    97 |    97 ||   267
         Reflection        |       |     3 |     1 ||     4

Table legend: (Time is in decaauts)
 A = Elapsed time spent in this place.
 B = Non-inter-level travel time spent in this place.
 C = Inter-level travel time spent in this place.
 D = Time resting spent in this place.
 E = Time spent auto-exploring this place.
 F = Levels seen in this place.
 G = Mean time per level.
                   A        B        C        D        E       F      G
               +--------+--------+--------+--------+--------+-----+--------+
         Total |   5051 |   4823 |    228 |    177 |   3563 |   7 |  721.6 |
       Dungeon |   4839 |   4632 |    207 |    177 |   3378 |   6 |  806.5 |
        Temple |    211 |    190 |     21 |      0 |    185 |   1 |  211.0 |
               +--------+--------+--------+--------+--------+-----+--------+

Top non-repeatable levels by time:
     D:4: 1139 daAuts
     D:1: 928 daAuts
     D:5: 895 daAuts
     D:3: 827 daAuts
     D:2: 648 daAuts
     D:6: 401 daAuts
  Temple: 211 daAuts
